Map: Deathaura LE

Players

FireFoX

  • Race: Zerg Zerg
  • Spawn Location: 11:00

LiquidTLO (TLO) - Winner!

  • Race: Zerg Zerg
  • League: Master
  • Spawn Location: 5:00

Event: DreamHack SC2 Masters 2020 Summer North America

VOD

Have the link to the VOD?

Description

Time

  • Played on: July 2, 2020, 3:12 p.m.
  • Length: 11:04

All games in this series

Show
View Real Time Build Order
Export as new Build Order

FireFoX Zerg 

Build Orders: Hatch First 

Get SALT Encoding   

  12  0:01  Drone  
  13  0:12  Overlord  
  13  0:17  Drone  
  14  0:30  Drone x2  
  16  0:39  Drone  
  17  0:51  Hatchery  
  17  0:55  Drone  
  17  1:00  Extractor  
  17  1:02  Drone  
  17  1:16  Spawning Pool  
  17  1:18  Drone  
  17  1:21  Drone  
  18  1:30  Drone  
  19  1:39  Overlord  
  19  1:53  Drone  
  20  2:03  Zergling x2  
  20  2:04  Queen x2  
  20  2:05  Drone  
  26  2:11  Drone  
  27  2:17  Zergling x2  
  28  2:23  Drone  
  29  2:31  Drone  
  29  2:35  Drone  
  31  2:38  Drone  
  31  2:39  Queen  
  34  2:46  Drone  
  34  2:47  Overlord  
  35  2:53  Lair  
  35  2:56  Drone  
  35  2:57  Evolution Chamber  
  34  3:02  Drone  
  35  3:09  Drone  
  35  3:10  Roach Warren  
  35  3:11  Drone, Extractor  
  35  3:13  Extractor  
  35  3:17  Drone x3  
  37  3:24  Zerg Missile Weapons Level 1  
  37  3:32  Drone x2  
  37  3:33  Drone  
  41  3:34  Drone  
  41  3:41  Drone  
  41  3:48  Drone x2, Overlord  
  44  3:50  Glial Reconstitution  
  44  3:59  Overlord  
  44  4:06  Spine Crawler  
  44  4:08  Roach  
  44  4:09  Roach x4  
  52  4:20  Drone  
  52  4:21  Drone x3  
  56  4:35  Drone x3  
  56  4:38  Overlord x2  
  59  4:44  Drone  
  60  4:47  Hatchery  
  60  4:49  Overlord x2  
  59  5:01  Roach  
  59  5:02  Roach x5  
  59  5:06  Roach  
  73  5:09  Roach  
  73  5:11  Roach  
  76  5:18  Zerg Missile Weapons Level 2  
  76  5:22  Drone x3  
  76  5:23  Drone  
  76  5:27  Queen  
  82  5:28  Drone  
  82  5:29  Drone  
  82  5:33  Drone x2  
  82  5:35  Drone  
  86  5:44  Overlord x2  
  86  5:45  Roach x2  
  90  6:00  Roach x3  
  96  6:06  Roach x5  
  96  6:08  Ravager  
  96  6:09  Ravager  
  108  6:12  Roach x2  
  112  6:22  Ravager  
  112  6:25  Overlord x4  
  113  6:43  Roach  
  113  6:44  Roach x2  
  113  6:45  Roach x6  
  131  6:48  Roach x3  
  131  6:52  Roach  
  139  6:54  Roach  
  139  6:55  Roach  
  143  7:02  Overlord  
  143  7:05  Overlord  
  143  7:07  Roach  
  145  7:16  Overlord x2  
  145  7:18  Hatchery  
  145  7:19  Roach  
  145  7:21  Roach  
  145  7:22  Roach x3  
  154  7:26  Roach x4  
  162  7:33  Overlord  
  162  7:37  Roach x2  
  166  7:39  Roach x2  
  172  7:44  Roach  
  172  7:45  Roach x2  
  172  7:46  Roach  
  178  7:58  Roach  
  171  8:03  Roach x4  
  171  8:04  Roach  
  173  8:06  Roach  
  173  8:08  Overlord  
  175  8:14  Roach  
  175  8:15  Overlord  
  175  8:19  Extractor  
  176  8:21  Roach  
  178  8:28  Queen x2  
  162  8:44  Roach x3  
  162  8:46  Roach  
  162  8:47  Roach x8  
  150  8:50  Roach x5  
  150  8:51  Roach  
  150  8:52  Roach  
  136  8:58  Roach x2  
  136  9:00  Roach  
  109  9:04  Roach  
  105  9:16  Nydus Network  
  104  9:18  Roach x2  
  104  9:19  Roach  
  104  9:20  Spore Crawler  
  104  9:22  Roach, Spore Crawler  
  110  9:31  Roach x4  
  112  9:33  Drone x4  
  116  9:40  Roach x3  
  116  9:44  Roach x2  
  126  9:56  Nydus Canal  
  126  9:58  Roach x4  
  134  10:06  Roach  
  134  10:07  Roach x2  
  139  10:08  Roach  
  139  10:12  Roach  
  141  10:16  Roach x2  
  141  10:20  Roach  
  147  10:23  Roach  
  147  10:26  Roach  
  151  10:29  Overlord  
  151  10:33  Roach  
  151  10:34  Roach x2  
  157  10:40  Roach x2  
  141  10:43  Roach x2  
Show
View Real Time Build Order
Export as new Build Order

LiquidTLO Zerg - Winner!

Build Orders: Hatch First 

Get SALT Encoding   

  12  0:00  Drone  
  13  0:12  Overlord  
  13  0:16  Drone  
  14  0:30  Drone x2  
  16  0:48  Hatchery  
  15  0:51  Drone  
  15  0:54  Drone  
  17  0:58  Drone  
  18  1:06  Extractor  
  17  1:16  Spawning Pool  
  17  1:18  Drone  
  17  1:20  Drone  
  18  1:28  Drone  
  19  1:39  Drone  
  20  1:50  Drone  
  21  1:59  Overlord  
  21  2:02  Queen  
  21  2:03  Queen  
  21  2:06  Metabolic Boost  
  25  2:10  Drone  
  25  2:11  Zergling x2  
  25  2:14  Drone  
  28  2:21  Drone  
  28  2:22  Drone  
  30  2:32  Drone  
  31  2:38  Hatchery  
  31  2:42  Zergling x2  
  31  2:48  Overlord  
  31  2:55  Drone  
  31  2:57  Evolution Chamber, Drone  
  31  2:58  Drone  
  33  3:06  Drone  
  33  3:09  Drone  
  33  3:11  Overlord  
  33  3:12  Drone x2  
  37  3:13  Drone  
  37  3:15  Zergling x2  
  37  3:17  Zergling x2  
  37  3:19  Drone  
  41  3:20  Drone  
  41  3:25  Zerg Missile Weapons Level 1  
  42  3:28  Drone  
  42  3:30  Extractor  
  42  3:32  Drone  
  43  3:38  Drone  
  44  3:42  Drone  
  44  3:45  Lair  
  44  3:46  Drone  
  46  3:49  Overlord  
  46  3:50  Drone  
  47  3:56  Roach Warren  
  47  3:57  Overlord  
  47  4:00  Overlord  
  47  4:01  Drone  
  46  4:05  Zergling x2  
  46  4:10  Overlord  
  46  4:12  Drone  
  46  4:13  Drone  
  46  4:15  Extractor  
  46  4:16  Drone  
  48  4:17  Drone x2  
  48  4:18  Drone  
  48  4:19  Drone  
  52  4:26  Queen  
  52  4:29  Drone  
  55  4:36  Roach x4  
  62  4:42  Glial Reconstitution  
  62  4:45  Roach  
  64  4:46  Roach x2  
  64  4:48  Overlord  
  64  4:50  Overlord  
  68  4:54  Roach  
  68  4:58  Drone x2, Roach  
  68  4:59  Drone  
  75  5:04  Drone x2  
  77  5:07  Roach x2  
  77  5:09  Roach  
  83  5:14  Overlord  
  83  5:15  Roach  
  83  5:16  Roach  
  83  5:18  Drone  
  83  5:19  Drone  
  88  5:21  Extractor  
  88  5:26  Zerg Missile Weapons Level 2  
  87  5:29  Roach  
  87  5:33  Roach  
  87  5:34  Overlord  
  87  5:35  Roach  
  93  5:38  Drone x2  
  93  5:39  Drone  
  93  5:40  Roach  
  93  5:41  Roach  
  100  5:43  Overlord  
  100  5:44  Overlord  
  100  5:47  Overlord  
  100  5:50  Roach  
  100  5:53  Overlord  
  100  5:55  Roach  
  104  5:58  Roach  
  104  5:59  Overlord  
  104  6:00  Overlord  
  104  6:03  Roach  
  108  6:05  Roach  
  108  6:07  Roach  
  108  6:09  Roach  
  108  6:10  Roach  
  116  6:13  Roach  
  116  6:15  Roach  
  116  6:18  Roach  
  121  6:19  Roach  
  121  6:22  Extractor  
  121  6:23  Extractor  
  121  6:25  Roach  
  123  6:27  Drone  
  123  6:28  Drone x3  
  123  6:32  Roach  
  129  6:33  Roach  
  129  6:34  Roach  
  129  6:37  Drone x2  
  133  6:41  Roach, Spire  
  133  6:43  Roach  
  136  6:49  Roach  
  136  6:50  Overlord  
  136  6:52  Drone x2  
  136  6:54  Overlord  
  140  6:56  Overlord  
  140  6:58  Overlord  
  140  7:03  Drone, Overlord  
  140  7:04  Roach  
  140  7:05  Ravager  
  140  7:06  Ravager x2  
  140  7:08  Overlord  
  146  7:09  Ravager  
  146  7:12  Roach  
  146  7:15  Drone x3  
  152  7:24  Drone x2  
  152  7:27  Overlord  
  152  7:29  Hatchery  
  153  7:30  Drone  
  153  7:32  Drone  
  155  7:56  Mutalisk x7  
  155  7:57  Roach  
  155  7:58  Roach  
  155  7:59  Roach  
  155  8:01  Roach  
  155  8:03  Roach  
  155  8:04  Roach  
  153  8:07  Roach  
  153  8:08  Roach  
  153  8:09  Roach, Spine Crawler  
  153  8:11  Roach  
  153  8:12  Roach, Spine Crawler  
  161  8:14  Roach  
  161  8:16  Roach, Spine Crawler  
  161  8:18  Roach  
  169  8:20  Roach x2  
  169  8:21  Roach  
  169  8:23  Roach  
  169  8:25  Roach  
  169  8:27  Roach  
  179  8:28  Roach  
  179  8:31  Roach  
  183  8:35  Roach x2  
  183  8:36  Roach  
  183  8:39  Roach  
  183  8:41  Roach  
  179  8:43  Roach x2  
  179  8:45  Roach  
  179  8:46  Roach  
  163  8:51  Roach  
  163  8:52  Roach  
  143  8:55  Roach  
  143  8:57  Roach  
  143  9:00  Roach  
  135  9:03  Roach  
  135  9:06  Roach  
  135  9:09  Drone x2  
  139  9:11  Drone  
  139  9:16  Drone  
  141  9:20  Roach  
  145  9:24  Roach x2  
  145  9:25  Roach  
  147  9:32  Roach  
  147  9:36  Roach x5  
  159  9:40  Roach  
  159  9:45  Drone  
  162  9:50  Roach  
  164  9:54  Roach  
  164  9:56  Pneumatized Carapace  
  164  9:57  Hatchery  
  164  9:59  Roach  
  167  10:00  Roach  
  167  10:05  Roach  
  167  10:06  Roach  
  167  10:07  Roach  
  173  10:08  Roach  
  173  10:09  Roach  
  173  10:11  Roach  
  179  10:17  Roach  
  179  10:18  Roach  
  179  10:19  Roach  
  179  10:20  Roach  
  187  10:22  Overlord  
  187  10:24  Roach  
  187  10:26  Roach  
  191  10:29  Roach  
  191  10:31  Roach  
  191  10:32  Roach  
  195  10:36  Roach  
  195  10:40  Roach  
  178  10:43  Roach  
  178  10:44  Roach x3  
  178  10:45  Roach  
Tags
 
Add a new tag
Caveats
  • Supply blocks, unpowered buildings, or Contaminate may cause inaccurate times.
  • Supply counts are checked every 10 seconds.